AoeStats
← lamanito6

Pilgrims

510276882Analyzed
4v4 RM · 2d ago on Sep 30, 2026· 45m 44s· 8 players
Game mode
Random Map
Map size
Large (8 player)
Population
200
Speed
Normal
Resources
Standard
Victory
Conquest
Starting age
Dark Age
Ending age
Imperial Age
RankedLock teamsTeams togetherTeam positionsShared explorationLock speedFull tech treeHidden civsTurbo modeCheats
Victory
Defeat
🇲🇽 Persians · Mexico
1273
+12
🇹🇭 Dravidians · Thailand
1263
+12
🇨🇿 Varangians · Czechia
1239
+13
🇪🇸 Italians · Spain
1221
+14
🇩🇪 Vikings · Germany
1351
-19
🇪🇸 Byzantines · Spain
1137
-11
🇪🇸 Varangians · Spain
1134
-11
🇨🇳 Mongols · China
1115
-10
Naco y Estúpido
11:56 Feudal Age
14:16 Double-Bit Axe
15:17 Loom
17:51 Fletching
17:54 Gold Mining
23:14 Castle Age
22:26 Stone Mining
24:49 Bow Saw
25:56 Scale Barding Armor
26:01 Forging
25:40 Horse Collar
28:51 Bloodlines
28:41 Husbandry
29:24 Forging
29:28 Husbandry
31:05 Stone Shaft Mining
32:18 Chain Barding Armor
32:34 Iron Casting
33:51 Bodkin Arrow
34:38 Heavy Plow
38:18 Gold Shaft Mining
42:46 Imperial Age
40:52 Wheelbarrow
43:26 Conscription
43:35 Heavy Camel Rider
46:17 Plate Barding Armor
46:42 Blast Furnace
WiSeMaN
4:41 Loom
12:54 Feudal Age
13:44 Double-Bit Axe
15:22 Wheelbarrow
14:40 Fishing Lines
19:10 Padded Archer Armor
19:01 Fletching
21:13 Castle Age
19:07 Stone Mining
20:09 Town Watch
21:40 Gold Mining
22:22 Medium Warships
22:06 Gillnets
23:12 Leather Archer Armor
24:24 Bow Saw
27:37 Imperial Age
25:58 Horse Collar
27:55 Bodkin Arrow
28:30 Hand Cart
31:39 Ring Archer Armor
32:38 Careening
32:50 Bracer
36:54 Elite Urumi Swordsman
37:54 Conscription
37:40 Scale Mail Armor
37:50 Forging
39:03 Chain Mail Armor
40:39 Iron Casting
41:08 Wootz Steel
44:04 Plate Mail Armor
45:56 Blast Furnace
Pos3YDoN86
7:42 Loom
10:24 Feudal Age
10:49 Fishing Lines
12:00 Double-Bit Axe
16:47 Fletching
17:34 Wheelbarrow
20:23 Castle Age
21:04 Gold Mining
21:32 Medium Warships
21:13 Gillnets
21:21 Bodkin Arrow
24:02 Ballistics
25:10 Hand Cart
25:05 Bow Saw
26:18 Clinker Construction
26:45 Careening
31:58 Horse Collar
35:54 Stone Mining
43:43 Imperial Age
42:14 Stone Shaft Mining
42:30 Scale Mail Armor
42:41 Forging
42:19 Town Watch
42:42 Heavy Plow
43:40 Chain Mail Armor
44:44 Iron Casting
45:36 Two-Man Saw
44:53 Squires
45:48 Plate Mail Armor
Mimon
9:57 Feudal Age
14:36 Castle Age
12:35 Fishing Lines
13:00 Double-Bit Axe
14:48 Scale Mail Armor
16:41 Gillnets
17:10 Loom
18:07 Horse Collar
22:02 Chain Mail Armor
22:49 Wheelbarrow
23:54 Forging
25:59 Squires
25:45 Gambesons
26:15 Gold Mining
26:17 Stone Mining
26:39 Bow Saw
26:31 Heavy Plow
31:12 Imperial Age
29:02 Hand Cart
28:35 Town Watch
31:08 Iron Casting
30:24 Fletching
31:22 Capped Ram
32:50 Elite Varangian Guard
34:04 Plate Mail Armor
35:42 Ballistics
36:22 Chemistry
35:33 Masonry
35:05 Elite Skirmisher
35:12 Cranequins
37:33 Bodkin Arrow
37:39 Padded Archer Armor
38:41 Blast Furnace
38:27 Heavy Mounted Crossbowman
38:39 Heavy Mounted Crossbowman
41:16 Bloodlines
41:06 Husbandry
45:27 Bracer
45:42 Leather Archer Armor
CapitanCaster
9:48 Loom
13:18 Feudal Age
13:46 Double-Bit Axe
14:46 Fishing Lines
15:05 Horse Collar
19:55 Wheelbarrow
23:08 Castle Age
22:53 Gold Mining
22:56 Stone Mining
23:50 Scale Barding Armor
23:56 Forging
24:13 Bow Saw
25:53 Chain Barding Armor
26:08 Iron Casting
24:58 Light Cavalry
25:40 Husbandry
26:23 Gold Shaft Mining
25:50 Heavy Plow
26:31 Gillnets
27:36 Fletching
28:58 Hand Cart
37:02 Imperial Age
36:27 Pikeman
37:07 Squires
36:53 Arson
36:54 Gambesons
37:12 Scale Mail Armor
37:06 Capped Ram
39:46 Chain Mail Armor
40:06 Plate Barding Armor
41:15 Crop Rotation
41:23 Conscription
40:49 Cavalier
41:14 Halberdier
43:19 Plate Mail Armor
44:25 Hussar
BRosi
11:03 Feudal Age
12:30 Loom
15:16 Castle Age
14:20 Double-Bit Axe
15:53 Fletching
16:27 Bow Saw
16:16 Gold Mining
20:11 Bodkin Arrow
20:41 Ballistics
24:22 Clinker Construction
28:23 Fishing Lines
29:16 Medium Warships
29:25 Stone Mining
29:59 Gillnets
33:16 Careening
39:52 Imperial Age
40:39 Bracer
40:12 Elite Longship
43:13 Conscription
43:01 Padded Archer Armor
43:49 Gold Shaft Mining
44:30 Leather Archer Armor
45:21 Chemistry
44:15 Crossbowman
lamanito6
10:16 Feudal Age
10:51 Fishing Lines
12:34 Fletching
15:26 Double-Bit Axe
20:05 Castle Age
18:14 Gold Mining
18:15 Stone Mining
21:20 Wheelbarrow
20:51 Bodkin Arrow
24:30 Clinker Construction
24:31 Careening
25:57 Gillnets
31:08 Imperial Age
28:57 Hand Cart
29:19 Stone Shaft Mining
28:55 Bow Saw
30:05 Squires
29:50 Gambesons
29:51 Arson
31:32 Forging
31:22 Scale Mail Armor
32:41 Elite Longship
34:30 Bracer
34:55 Dry Dock
35:18 Ballistics
35:58 Chemistry
36:33 Carvel Hull
36:42 Elite Varangian Guard
37:25 Scale Mail Armor
42:08 Medium Warships
42:12 Siphons
45:13 Iron Casting
44:53 Chain Mail Armor
King Bourbon
3:51 Loom
13:18 Feudal Age
17:41 Castle Age
16:48 Fletching
17:25 Stone Mining
17:26 Gold Mining
17:49 Double-Bit Axe
23:17 Bodkin Arrow
29:12 Bow Saw
30:23 Ballistics
35:50 Padded Archer Armor
43:16 Imperial Age
42:08 Thumb Ring
43:14 Wheelbarrow
Connection lost

Rejoining the realm…

Still unreachable

The connection could not be restored.

Session expired

The server has moved on; the page needs a fresh start.